AoeStats
← stinaj90

Arabia

509942579Analyzed
2v2 RM · 5d ago on Sep 28, 2026· 62m 22s· 4 players
Game mode
Random Map
Map size
Medium (4 player)
Population
200
Speed
Normal
Resources
Standard
Victory
Conquest
Starting age
Dark Age
Ending age
Imperial Age
RankedLock teamsTeams togetherTeam positionsShared explorationLock speedFull tech treeHidden civsTurbo modeCheats
Victory
Defeat
🇸🇪 Inca · Sweden
1076
+15
🇺🇸 Malians · United States
1032
+16
🇦🇷 Ethiopians · Argentina
1051
-16
🇦🇷 Chinese · Argentina
1041
-15
Kung Fu Kenny
0:33 Loom
9:52 Feudal Age
11:13 Double-Bit Axe
15:39 Gold Mining
15:31 Horse Collar
16:03 Fletching
20:28 Wheelbarrow
22:40 Castle Age
21:04 Stone Mining
21:28 Padded Archer Armor
23:18 Crossbowman
24:05 Thumb Ring
25:37 Bow Saw
26:05 Gold Shaft Mining
25:33 Heavy Plow
27:17 Stone Shaft Mining
28:02 Bodkin Arrow
31:13 Ballistics
33:37 Hand Cart
33:25 Great Wall
36:59 Imperial Age
34:18 Town Watch
35:08 Murder Holes
35:53 Scale Barding Armor
35:58 Forging
36:04 Leather Archer Armor
36:18 Husbandry
36:32 Bloodlines
36:58 Town Patrol
39:56 Light Cavalry
41:08 Arbalester
42:46 Conscription
43:56 Iron Casting
44:54 Two-Man Saw
45:27 Chemistry
45:55 Bracer
50:49 Ring Archer Armor
50:40 Chain Barding Armor
58:26 Blast Furnace
58:13 Masonry
Corvus Alis
10:39 Feudal Age
22:52 Castle Age
23:20 Crossbowman
25:03 Fletching
44:05 Wheelbarrow
47:01 Thumb Ring
48:02 Double-Bit Axe
62:52 Ballistics
62:43 Bodkin Arrow
KING ROMA
3:47 Loom
9:51 Feudal Age
10:39 Man-at-Arms
11:15 Double-Bit Axe
19:35 Castle Age
17:59 Fletching
19:09 Gold Mining
19:14 Arson
20:38 Bow Saw
20:27 Elite Skirmisher
20:45 Long Swordsman
22:31 Scale Mail Armor
23:56 Forging
24:17 Horse Collar
26:00 Bodkin Arrow
26:49 Wheelbarrow
28:37 Chain Mail Armor
28:50 Ballistics
30:54 Iron Casting
30:22 Padded Archer Armor
38:43 Imperial Age
37:30 Leather Archer Armor
37:26 Squires
39:07 Two-Handed Swordsman
41:49 Plate Mail Armor
45:34 Crossbowman
46:46 Champion
48:01 Arbalester
49:51 Chemistry
stinaj90
10:30 Feudal Age
16:38 Fletching
17:47 Padded Archer Armor
19:45 Double-Bit Axe
23:15 Wheelbarrow
26:31 Castle Age
25:05 Horse Collar
27:50 Bodkin Arrow
27:19 Elite Skirmisher
30:13 Leather Archer Armor
37:00 Fortified Wall
40:46 Bow Saw
41:29 Heavy Plow
41:36 Town Watch
48:00 Imperial Age
46:02 Ballistics
47:26 Murder Holes
47:11 Treadmill Crane
48:48 Forging
48:39 Scale Mail Armor
51:12 Chain Mail Armor
51:34 Hand Cart
51:35 Bracer
52:36 Chemistry
52:24 Pikeman
54:01 Conscription
55:25 Squires
55:11 Arson
57:36 Iron Casting
57:32 Ring Archer Armor
57:29 Andean Sling
59:33 Plate Mail Armor
60:03 Blast Furnace
60:09 Masonry
60:03 Town Patrol
61:43 Fabric Shields
Connection lost

Rejoining the realm…

Still unreachable

The connection could not be restored.

Session expired

The server has moved on; the page needs a fresh start.